 Dungeon Crawl Stone Soup version 0.31-a0-963-ga325b2283a (webtiles) character file.

Game seed: 5897290574788090858

77 Xavori the Trooper (level 4, -1/35 HPs)
             Began as a Djinni Chaos Knight on Oct 25, 2023.
             Was a Plaything of Xom.
             Slain by a gnoll
             ... wielding a +0 flail
              (2 damage)
             ... on level 2 of the Dungeon.
             The game lasted 00:01:43 (9109 turns).

Xavori the Trooper (Djinni Chaos Knight)            Turns: 9109, Time: 00:01:43

Health: -1/35      AC:  5    Str: 11    XL:     4   Next: 60%
Gold:   75         EV: 12    Int: 11    God:    Xom [..*...] SH:  0 Dex: 15

rFire   + + .        a - +0 falchion (chaos)
rCold   x . .        (no shield)
rNeg    . . .        b - +2 leather armour
rPois   ∞            (no helmet)
rElec   .            (no cloak)
rCorr   .            (no gloves)
SInv    .            (boots unavailable)
Will    .....        (no amulet)
Stlth   +            (no ring)
HPRegen 0.25/turn    (no ring)
MPRegen 0.00/turn

%: infuse magic (-2 HP)
@: flying
A: sickness immunity, fire resistance 2, cold vulnerability 1, float, innate
caster, HP casting, extra vitality 1, dopey 1, MP-powered wands
a: Renounce Religion


You were on level 2 of the Dungeon.
You worshipped Xom.
You were a toy of Xom.
You visited 1 branch of the dungeon, and saw 2 of its levels.

You collected 75 gold pieces.

Inventory:

Hand Weapons
 a - a +0 falchion of chaos (weapon)
Armour
 b - a +2 leather armour (worn)
Scrolls
 c - a scroll of butterflies
 d - 3 scrolls of identify {unknown}
 e - a scroll of torment {unknown}
 f - a scroll of fear {unknown}
 g - a scroll of revelation {unknown}
 h - a scroll of silence {unknown}
Potions
 i - a potion of curing


   Skills:
 + Level 3.4 Fighting
 + Level 3.1 Long Blades
 + Level 1.8 Armour
 + Level 2.8 Dodging
 * Level 1.2 Spellcasting
 * Level 1.2 Conjurations
 * Level 1.2 Hexes
   Level 0.0 Charms
 * Level 1.2 Summonings
 * Level 1.2 Necromancy
 * Level 1.2 Translocations
 * Level 1.2 Transmutations
 * Level 1.2 Fire Magic
 * Level 1.2 Ice Magic
 * Level 1.2 Air Magic
 * Level 1.2 Earth Magic
 * Level 1.2 Poison Magic


You knew the following spells:

 Your Spells              Type           Power      Damage    Failure   Level
a - Summon Small Mammal   Summ           12%        N/A       26%         1
Your spell library was empty.

Dungeon Overview and Level Annotations

Branches:
Dungeon (2/15)

Altars:
Xom


Innate Abilities, Weirdness & Mutations

You are immune to sickness and miasma.
You are immune to poison.
Your flesh is very heat resistant. (rF++)
You are vulnerable to cold. (rC-)
You float through the air rather than walking.
You learn spells naturally, not from books.
Your magical power is your life essence.
You have superior vitality. (+4 MHP)
You are dopey. (Int -2)
You expend health (3 HP) to strengthen your wands.


Message History

The water nymph touches you.
It was a potion of ambrosia.
You are confused.
You feel invigorated.
Xom thinks this is hilarious!
The gnoll closely misses you. The gnoll hits you with a +0 flail!
The water nymph touches you.
You miss the water nymph.
The gnoll hits you from afar with a +0 spear.
The gnoll barely misses you. The water nymph touches you.
The gnoll hits you from afar with a +0 spear.
The gnoll closely misses you.
You miss the water nymph.
You feel less invigorated.
You feel less confused.
The water nymph changes into a merfolk!
The gnoll hits you from afar with a +0 spear.
The gnoll hits you with a +0 flail.
You barely miss the merfolk. The gnoll completely misses you.
The gnoll hits you with a +0 flail.
* * * LOW HITPOINT WARNING * * *
You slash the merfolk!
The merfolk appears confused.
The merfolk is lightly wounded.
The merfolk picks up a +4 rapier.
The merfolk wields a +4 rapier.
The merfolk picks up a +0 ring mail.
The merfolk wears a +0 ring mail.
The gnoll barely misses you. x2
Unknown command.
You slash the merfolk!
The merfolk is moderately wounded.
The gnoll hits you from afar with a +0 spear.
* * * LOW HITPOINT WARNING * * *
The gnoll barely misses you.
The merfolk says, "I'm a little confused."
The merfolk hits you with a +4 rapier!
* * * LOW HITPOINT WARNING * * *
"Hum-dee-hum-dee-hum..."
The gnoll is moving more slowly.
You are now a toy of Xom.
The gnoll attacks as it pursues you! The gnoll hits you with a +0 flail.
You die...
Xom laughs nastily!

#......)...# #.....#
#..g.......# #####.#
###..........# #...#
.............# #.### #
########..#### #.#.###
# #.g.# ######.#...# #
#m..# #........#.# .
#.g(# #.####.#<#.#
#.@.# #.#(#.# #...#
.#.....#
#...######.#...###
......#
#.##.......#.###
#.....# #.###.....##.#
###..:..# #.# #.....##.
.'.....# ##.###.....##
#.....# ###..##......+
#.....####...###......#


You could see a merfolk shaped shifter (confused) and 2 gnolls.

Vanquished Creatures
  3 adders (D:2)
  A worm (D:2)
  7 bats
  An endoplasm (D:1)
  A giant cockroach (D:2)
  3 goblins
  2 hobgoblins
  4 jackals (D:2)
  10 kobolds
  3 ball pythons
  3 frilled lizards (D:1)
  6 rats
44 creatures vanquished.

Notes
Turn   | Place    | Note
-------+----------+-------------------------------------------
     0 | D:1      | Xavori the Djinni Chaos Knight began the quest for the Orb.
     0 | D:1      | Reached XP level 1. HP: 20/20 MP: 0/0
   118 | D:1      | XOM: silly message
   271 | D:1      | XOM: silly message
   283 | D:1      | Found a faded altar of an unknown god.
   305 | D:1      | Reached XP level 2. HP: 23/25 MP: 0/0
   504 | D:1      | Reached XP level 3. HP: 30/30 MP: 0/0
   504 | D:1      | Learned a level 1 spell: Summon Small Mammal
   934 | D:2      | XOM: god gift: 6 atropa-tipped darts
  1031 | D:1      | XOM: god gift: runed plate armour {god gift}
  1168 | D:1      | XOM: cloud trail
  1773 | D:1      | XOM: give mutation
  1773 | D:1      | Gained mutation: You expend health (3 HP) to strengthen
                  | your wands. [Xom's grace]
  1817 | D:1      | XOM: scenery: create altars
  2158 | D:1      | XOM: summons 2 hostile shadow creatures
  2166 | D:1      | XOM: give mutations
  2166 | D:1      | Gained mutation: You have sharp fingernails. [Xom's
                  | mischief]
  2737 | D:1      | XOM: give mutations
  2737 | D:1      | Gained mutation: You are dopey. (Int -2) [Xom's mischief]
  3188 | D:1      | XOM: summons 2 hostile shadow creatures
  4388 | D:1      | XOM: stat loss: -1 Dex (13/14)
  4516 | D:1      | XOM: silly message
  4920 | D:1      | XOM: summons 2 hostile demons
  4921 | D:1      | Noticed a sixfirhy
  5868 | D:1      | XOM: stat loss: -1 Str (10/11)
  6183 | D:1      | XOM: summons 2 hostile shadow creatures
  7237 | D:1      | XOM: give mutation
  7237 | D:1      | Lost mutation: You have sharp fingernails. [Xom's mischief]
  7658 | D:1      | XOM is BORED!
  8845 | D:2      | Reached skill level 1 in Spellcasting
  8845 | D:2      | Reached skill level 1 in Conjurations
  8845 | D:2      | Reached skill level 1 in Hexes
  8845 | D:2      | Reached skill level 1 in Summonings
  8845 | D:2      | Reached skill level 1 in Necromancy
  8845 | D:2      | Reached skill level 1 in Translocations
  8845 | D:2      | Reached skill level 1 in Transmutations
  8845 | D:2      | Reached skill level 1 in Fire Magic
  8845 | D:2      | Reached skill level 1 in Ice Magic
  8845 | D:2      | Reached skill level 1 in Air Magic
  8845 | D:2      | Reached skill level 1 in Earth Magic
  8845 | D:2      | Reached skill level 1 in Poison Magic
  8858 | D:2      | Reached XP level 4. HP: 35/35 MP: 0/0
  9100 | D:2      | a gnoll changed into a glowing shapeshifter
  9100 | D:2      | Noticed a glowing shapeshifter (glowing shapeshifter)
  9100 | D:2      | a glowing shapeshifter changed into a snapping turtle
  9100 | D:2      | Noticed a snapping turtle (glowing shapeshifter)
  9101 | D:2      | a snapping turtle changed into a water nymph
  9101 | D:2      | Noticed a water nymph (glowing shapeshifter)
  9105 | D:2      | a water nymph changed into a merfolk
  9105 | D:2      | Noticed a merfolk (glowing shapeshifter)
  9108 | D:2      | HP: 1/35 [merfolk (glowing shapeshifter)/+4 rapier (7)]
  9109 | D:2      | XOM: enchant monster (good)
  9109 | D:2      | Slain by a gnoll

Illustrated notes

Levels and vault maps discovered:
D:1:      dpeg_arrival_arbitrary_b, layout_basic,
          shapermc_ecumenical_altar_totnotflames
D:2:      layout_basic

Skill      XL: |  1  2  3 |
---------------+----------+-----
Long Blades    | 3 |  3.1
Spellcasting   | 1 |  1.2
Conjurations   | 1 |  1.2
Hexes          | 1 |  1.2
Summonings     | 1 |  1.2
Necromancy     | 1 |  1.2
Translocations | 1 |  1.2
Transmutations | 1 |  1.2
Fire Magic     | 1 |  1.2
Ice Magic      | 1 |  1.2
Air Magic      | 1 |  1.2
Earth Magic    | 1 |  1.2
Poison Magic   | 1 |  1.2
Fighting       | |  3.4
Armour         | |  1.8
Dodging        | |  2.8

Action                     |  1- 3 |  4- 6 || total
---------------------------+-------+-------++-------
  Melee: Falchion          |    91 |    39 ||   130
    Use: Potion            |       |     2 ||     2
 Armour: Leather armour    |    75 |    32 ||   107
  Dodge: Dodged            |    85 |    29 ||   114

Table legend: (Time is in decaauts)
 A = Elapsed time spent in this place.
 B = Non-inter-level travel time spent in this place.
 C = Inter-level travel time spent in this place.
 D = Time resting spent in this place.
 E = Time spent auto-exploring this place.
 F = Levels seen in this place.
 G = Mean time per level.
                   A        B        C        D        E       F      G
               +--------+--------+--------+--------+--------+-----+--------+
         Total |   9132 |   9093 |     39 |   7814 |    971 |   2 | 4566.0 |
       Dungeon |   9132 |   9093 |     39 |   7814 |    971 |   2 | 4566.0 |
               +--------+--------+--------+--------+--------+-----+--------+

Top non-repeatable levels by time:
     D:1: 7879 daAuts
     D:2: 1252 daAuts
